 Dungeon Crawl Stone Soup version 0.15-a0-935-g62ff1c1 (console) character file.

780 DragonArmour the Basher (level 7, 0/66 HPs)
             Began as an Ogre Gladiator on May 21, 2014.
             Was a Believer of Makhleb.
             Slain by a centaur (7 damage)
             ... on Level 6 of the Dungeon.
             The game lasted 00:10:41 (2233 turns).

DragonArmour the Basher (Ogre Gladiator)            Turns: 2233, Time: 00:10:41

HP   0/66        AC  4     Str 21      XL: 7   Next: 85%
MP   7/7         EV 10     Int  7      God: Makhleb [**....]
Gold 216         SH  0     Dex 12      Spells:  0 memorised,  6 levels left

rFire  . . .     SeeInvis .     H - +0 giant club
rCold  . . .     Clarity  .     B - +0 robe
rNeg   + . .     Conserve .     (shield restricted)
rPois  .         rCorr    .     c - +0 hat
rElec  .         rRot     .     j - +0 cloak
SustAb .         Spirit   .     (gloves unavailable)
rMut   .         Warding  .     (boots unavailable)
Gourm  .         Stasis   .     (no amulet)
MR     .....                    (no ring)
                                u - ring of positive energy

@: not resistant to hostile enchantments, very unstealthy
A: unfitting armour, tough skin 1
a: Minor Destruction, Renounce Religion


You were on level 6 of the Dungeon.
You worshipped Makhleb.
Makhleb was pleased with you.
You were not hungry.

You visited 2 branches of the dungeon, and saw 7 of its levels.

You collected 216 gold pieces.

Inventory:

Hand weapons
 a - a +0,+0 flail
 p - a +1 blowgun
 E - a cursed +0,+0 whip
 H - a +0,+0 giant club (weapon)
Armour
 c - a +0 hat (worn)
 j - a +0 cloak (worn)
 q - a +0 cloak
 B - a +0 robe (worn)
Magical devices
 F - a wand of digging (15) {unknown}
 K - a wand of paralysis (14) {unknown}
Comestibles
 f - 2 meat rations
 g - 5 bread rations
 t - 20 strawberries
Scrolls
 b - a scroll of recharging {unknown}
 h - 4 scrolls of identify {unknown}
 i - a scroll of amnesia {unknown}
 k - a scroll of enchant weapon I {unknown}
 m - 2 scrolls of fear {unknown}
 n - a scroll of enchant armour {unknown}
 s - a scroll of vulnerability {unknown}
 x - 2 scrolls of teleportation {unknown}
 y - 2 scrolls of blinking {unknown}
 A - a scroll of random uselessness {unknown}
 C - 2 scrolls of remove curse {unknown}
 J - a scroll of enchant weapon II {unknown}
Jewellery
 u - a ring of positive energy (left hand)
Potions
 e - 5 potions of curing {unknown}
 l - a potion of paralysis {unknown}
 o - a potion of heal wounds {unknown}
 r - a potion of cure mutation {unknown}
 v - 3 potions of agility {unknown}
 w - 2 potions of magic {unknown}
 z - a potion of poison {unknown}
 D - 2 potions of brilliance {unknown}
 G - a potion of mutation {unknown}
 I - a potion of restore abilities {unknown}


   Skills:
 - Level 2.6 Fighting
 + Level 11.5 Maces & Flails
 - Level 2.1 Throwing
 - Level 2.6 Dodging


You had 6 spell levels left.
You didn't know any spells.

Dungeon Overview and Level Annotations

Branches:
Dungeon (6/15)             Temple (1/1) D:4

Altars:
Ashenzari
Cheibriados
Dithmenos
Elyvilon
Fedhas
Gozag
Kikubaaqudgha
Makhleb
Nemelex Xobeh
Qazlal
Sif Muna
Trog
Vehumet
Yredelemnul
Zin
The Shining One

Shops:
D:4 [


Innate Abilities, Weirdness & Mutations

You are too large for most types of armour.
You have tough skin (AC +1).


Message History

You feel a little better.
The centaur shoots an arrow.
The arrow hits you.
The centaur shoots an arrow.
The arrow hits you.
* * * LOW HITPOINT WARNING * * *
The centaur unwields an uncursed shortbow.
The centaur hits you.
* * * LOW HITPOINT WARNING * * *
Things that are here:
a dagger; a goblin corpse You hit the centaur.
The centaur is lightly wounded.
The centaur barely misses you. The centaur hits you.
* * * LOW HITPOINT WARNING * * *
You barely miss the centaur.
The centaur is lightly wounded.
The centaur hits you.
* * * LOW HITPOINT WARNING * * *
You barely miss the centaur.
The centaur is lightly wounded.
The centaur hits you!
You die...

.......# #....# #.# .......#
.....# ##.# .......# #....# #..#
##'##### #....# #.## #.####
#....# ##.# #....# #....# #..#
####.# #.## #.## #.# #.c#
###'### #####'### ##@# #.....#
)...)...########(## #....<#
........'.##.....># ####.....#
........#.##......#####..'.....#
........#..'............##.....#
........####......########.....#
######### #......# #.....#
##'##### #.....# #.## #≈≈≈≈≈≈≈


You could see a centaur.

Vanquished Creatures
  A troll (D:4)
  An ogre (D:5)
  A centaur (D:6)
  A scorpion (D:6)
  A centaur zombie (D:5)
  A hound (D:4)
  3 worker ants
  A hound skeleton (D:4)
  An orc zombie (D:5)
  9 adders
  A giant mite (D:2)
  An inept feature mimic (D:6)
  2 worms
  A shadow imp (D:5)
  An iguana skeleton (D:6)
  2 giant geckos
  An orc (D:3)
  4 giant cockroaches
  15 goblins
  8 hobgoblins
  10 kobolds
  3 quokkas
  4 bats
  A giant gecko skeleton (D:5)
  7 giant newts
  5 rats
86 creatures vanquished.

Notes
Turn   | Place    | Note
--------------------------------------------------------------
     0 | D:1      | DragonArmour, the Ogre Gladiator, began the quest for the Orb.
     0 | D:1      | Reached XP level 1. HP: 22/22 MP: 1/1
    59 | D:2      | Reached XP level 2. HP: 27/29 MP: 2/2
    65 | D:2      | Reached skill level 5 in Maces & Flails
   103 | D:2      | Reached XP level 3. HP: 19/36 MP: 3/3
   109 | D:2      | Found a glowing golden altar of the Shining One.
   352 | D:3      | Reached skill level 6 in Maces & Flails
   590 | D:4      | Reached XP level 4. HP: 34/44 MP: 4/4
   629 | D:4      | Noticed a troll
   662 | D:4      | Killed a troll
   662 | D:4      | Reached skill level 9 in Maces & Flails
   662 | D:4      | Reached XP level 5. HP: 27/50 MP: 5/5
   662 | D:4      | Reached XP level 6. HP: 31/59 MP: 6/6
   844 | D:4      | Found Miufiong's Antique Armour Shoppe.
  1015 | D:4      | Found a staircase to the Ecumenical Temple.
  1028 | Temple   | Entered the Ecumenical Temple
  1032 | Temple   | Became a worshipper of Makhleb the Destroyer
  1174 | D:2      | Found a snail-covered altar of Cheibriados.
  1179 | D:2      | Found a stormy altar of Qazlal.
  1189 | D:2      | Found a deep blue altar of Sif Muna.
  1223 | D:1      | Acquired Makhleb's first power
  1335 | D:5      | Entered Level 5 of the Dungeon
  1408 | D:5      | Reached skill level 10 in Maces & Flails
  1408 | D:5      | Reached XP level 7. HP: 44/66 MP: 7/7
  1877 | D:6      | Reached skill level 11 in Maces & Flails
  2219 | D:6      | Acquired Makhleb's second power
  2233 | D:6      | Slain by a centaur

Action                   |  1- 3 |  4- 6 |  7- 9 || total
-------------------------+-------+-------+-------++-------
Melee: Flail             |    76 |   129 |    12 ||   217
       Giant club        |       |       |    69 ||    69
Throw: Throwing net      |     8 |     6 |     3 ||    17
Evoke: Wand              |       |     5 |       ||     5
 Stab: Held in net/web   |     3 |     5 |       ||     8
       Sleeping          |       |       |     1 ||     1
